 Dungeon Crawl Stone Soup version 0.27-a0-1308-gc08437e49b (webtiles) character file.

Game seed: 10622324151742795895

58 lessens the Chopper (level 3, -8/46 HPs)
             Began as a Draconian Berserker on June 19, 2021.
             Was a Follower of Trog.
             Killed by divine providence
             ... invoked by an orc priest
              (14 damage)
             ... on level 2 of the Dungeon.
             The game lasted 00:00:59 (943 turns).

lessens the Chopper (Draconian Berserker)            Turns: 943, Time: 00:00:59

Health: -8/46      AC:  6    Str: 20    XL:     3   Next: 75%
Magic:  3/3        EV: 12    Int:  7    God:    Trog [*.....]
Gold:   15         SH:  0    Dex: 10    Spells: 2/2 levels left

rFire    . . .     SeeInvis .   a - +0 hand axe
rCold    . . .     Faith    .   (no shield)
rNeg     . . .     Spirit   .   (armour unavailable)
rPois    .         Reflect  .   (helmet restricted)
rElec    .         Harm     .   (no cloak)
rCorr    .         Rampage  .   c - +0 pair of gloves
Will     .....                  (no boots)
Stlth    ..........             (no amulet)
HPRegen  0.15/turn              (no ring)
MPRegen  0.08/turn              (no ring)

@: berserking (expiring), very quick
A: AC +5, unfitting armour, cold-blooded
a: Renounce Religion, Berserk


You were on level 2 of the Dungeon.
You worshipped Trog.
Trog was aware of your devotion.
You visited 1 branch of the dungeon, and saw 2 of its levels.

You collected 15 gold pieces.

Inventory:

Hand Weapons
 a - a +0 hand axe (weapon)
Missiles
 b - 36 stones
Armour
 c - a +0 pair of gloves (worn)
Scrolls
 d - a scroll of teleportation {unknown}


   Skills:
 - Level 3.2 Fighting
 + Level 4.7 Axes
 - Level 2.6 Dodging


You had 2 spell levels left.
You didn't know any spells.
Your spell library was empty.

Dungeon Overview and Level Annotations

Branches:
Dungeon (2/15)

Altars:


Innate Abilities, Weirdness & Mutations

Your plain brown scales are hard. (AC +5)
You cannot fit into any form of body armour.
You are cold-blooded and may be slowed by cold attacks.


Message History

The orc priest calls down the wrath of Beogh upon you.
Beogh smites you!
You are too injured to fight recklessly!
A red film seems to cover your vision as you go berserk!
You feel yourself moving faster!
You feel mighty! The orc closely misses you.
You slash Terence!
Terence is heavily wounded.
You hit the orc. The orc barely misses you.
You barely miss Terence.
Terence is heavily wounded.
You barely miss the orc. Terence hits you with a +0 mace.
* * * LOW HITPOINT WARNING * * *
The orc closely misses you.
You completely miss Terence.
Your tail-slap misses Terence.
Terence is heavily wounded.
You hit the orc but do no damage. Terence misses you.
You hit Terence.
Terence is heavily wounded.
You barely miss the orc. You hit the orc but do no damage.
The orc barely misses you. The orc completely misses you.
Terence barely misses you.
You hit Terence.
Terence is severely wounded.
You hit the orc priest. You hit the orc but do no damage.
You closely miss the orc. The orc closely misses you.
The orc barely misses you. The orc priest hits you with a +0 club.
* * * LOW HITPOINT WARNING * * *
You slash Terence! You tail-slap Terence.
You kill Terence!
Trog accepts your kill.
You hit the orc. x2; You closely miss the orc priest.
You hit the orc priest.
The orc priest is moderately wounded.
You barely miss the orc. You hit the orc but do no damage.
The orc barely misses you.
The orc hits you with a +1 mace of protection.
* * * LOW HITPOINT WARNING * * *
The orc priest mumbles some strange prayers to Beogh against you.
Beogh smites you!
You die...

...........####
...............#
...............#
...............#
...............#
...............#########
............###.........
...†........# #.........
............# #.@)......
.......†....# #ooo......
............# #.........
........##### ..........
#######.# ...........
........# #...........
.....#### ###.#######.
.....# #. .....#########


You could see an orc priest and 2 orcs.

Vanquished Creatures
  Terence (D:2)
  A dart slug (D:1)
  4 bats
  3 endoplasms (D:1)
  3 hobgoblins
  2 kobolds (D:1)
  A quokka (D:1)
  6 ball pythons
  A frilled lizard (D:2)
  5 goblins (D:1)
27 creatures vanquished.

Notes
Turn   | Place    | Note
-------+----------+-------------------------------------------
     0 | D:1      | lessens the Draconian Berserker began the quest for the
                  | Orb.
     0 | D:1      | Reached XP level 1. HP: 19/19 MP: 1/1
   116 | D:1      | Found a faded altar of an unknown god.
   231 | D:1      | Reached XP level 2. HP: 17/26 MP: 2/2
   613 | D:1      | Reached skill level 4 in Axes
   881 | D:2      | Reached XP level 3. HP: 29/31 MP: 3/3
   932 | D:2      | Noticed Terence
   942 | D:2      | Killed Terence
   943 | D:2      | Killed from afar by an orc priest

Illustrated notes

Levels and vault maps discovered:
D:1:      sevenhm_arrival_forest_fort_small_3, layout_loops_ring,
          shapermc_ecumenical_altar_mp_vishouse
D:2:      layout_basic, serial_shops, shop, uniq_robin, uniq_terence

Skill      XL: |  1  2 |
---------------+-------+-----
Axes           | 4 |  4.7
Fighting       | |  3.2
Dodging        | |  2.6

Action                   || total
-------------------------++-------
Melee: Hand axe          ||    63
       Tailslap          ||     9
Invok: Berserk           ||     1
Armor: Skin              ||    19
Dodge: Dodged            ||    45

Table legend: (Time is in decaauts)
 A = Elapsed time spent in this place.
 B = Non-inter-level travel time spent in this place.
 C = Inter-level travel time spent in this place.
 D = Time resting spent in this place.
 E = Time spent auto-exploring this place.
 F = Levels seen in this place.
 G = Mean time per level.
                   A        B        C        D        E       F      G
               +--------+--------+--------+--------+--------+-----+--------+
         Total |    948 |    934 |     14 |      0 |    784 |   2 |  474.0 |
       Dungeon |    948 |    934 |     14 |      0 |    784 |   2 |  474.0 |
               +--------+--------+--------+--------+--------+-----+--------+

Top non-repeatable levels by time:
     D:1: 812 daAuts
     D:2: 136 daAuts
